 Dungeon Crawl Stone Soup version 0.31-a0-949-g57150269e1 (webtiles) character file.

Game seed: 15805615798626919261

3031 pokeman the Thaumaturge (level 9, -4/52 HPs)
             Began as a Deep Elf Hedge Wizard on Oct 22, 2023.
             Was a Follower of Vehumet.
             Slain by a gargoyle
             ... wielding a +0 flail
              (16 damage)
             ... in a bailey.
             The game lasted 00:23:09 (9814 turns).

pokeman the Thaumaturge (Deep Elf Hedge Wizard)     Turns: 9814, Time: 00:23:10

Health: -4/52      AC: 12    Str:  7    XL:     9   Next: 56%
Magic:  0/27       EV: 13    Int: 24    God:    Vehumet [*.....]
Gold:   446        SH:  0    Dex: 14    Spells: 21/33 levels left

rFire   . . .        a - +2 dagger (elec)
rCold   . . .        (no shield)
rNeg    . . .        J - +0 steam dragon scales
rPois   .            c - +0 hat
rElec   .            z - +0 cloak
rCorr   .            (no gloves)
SInv    .            G - +1 pair of boots {rampage}
Will    .....        (no amulet)
Stlth   ++           D - +4 ring of protection
HPRegen 0.28/turn    E - ring of wizardry
MPRegen 0.20/turn

%: rampage, wizardry (x1)
@: very slightly contaminated
A: no striking features
a: Renounce Religion


You were in a bailey.
You worshipped Vehumet.
Vehumet was aware of your devotion.
You visited 2 branches of the dungeon, and saw 9 of its levels.
You also visited: Sewer and Bailey.

You collected 446 gold pieces.

Inventory:

Hand Weapons
 a - a +2 dagger of electrocution (weapon)
 f - a +1 falchion of venom
 I - a +2 quarterstaff of chaos
Armour
 c - a +0 hat (worn)
 t - the +1 ring mail of Okawaru's Envy {rPois Str+3 Dex-3 Slay+2}
   (You found it on level 4 of the Dungeon)

   Str+3:     It affects your strength (+3).
   Dex-3:     It affects your dexterity (-3).
   Slay+2:    It affects your accuracy & damage with ranged weapons and melee
   (+2).
   rPois:     It protects you from poison
 z - a +0 cloak (worn)
 G - a +1 pair of boots of rampaging (worn)
 J - +0 steam dragon scales (worn)
Jewellery
 D - a +4 ring of protection (left hand)
 E - a ring of wizardry (right hand)
Wands
 l - a wand of light (8)
 C - a wand of iceblast (11)
Scrolls
 e - 10 scrolls of identify {unknown}
 g - a scroll of vulnerability {unknown}
 h - 2 scrolls of teleportation {unknown}
 i - a scroll of revelation {unknown}
 k - a scroll of fear {unknown}
 n - a scroll of summoning {unknown}
 u - a scroll of blinking {unknown}
 w - a scroll of noise {unknown}
 x - a scroll of enchant armour {unknown}
 y - a scroll of amnesia {unknown}
 H - a scroll of enchant weapon {unknown}
Potions
 d - a potion of magic
 j - 3 potions of curing {unknown}
 m - a potion of degeneration {unknown}
 o - 4 potions of heal wounds {unknown}
 p - 3 potions of brilliance {unknown}
 q - 2 potions of cancellation {unknown}
 r - 3 potions of might {unknown}
 s - a potion of mutation {unknown}
 v - 2 potions of haste {unknown}
 A - a potion of berserk rage {unknown}
 B - a potion of resistance {unknown}
 F - a potion of invisibility {unknown}


   Skills:
 - Level 4.0 Fighting
 + Level 3.0 Armour
 - Level 3.0 Dodging
 - Level 3.0 Stealth
 * Level 12.7 Spellcasting
 + Level 7.1 Conjurations
 - Level 1.1 Summonings
 - Level 1.1 Translocations
 - Level 1.0 Air Magic
 - Level 1.2 Poison Magic
 - Level 1.0 Evocations


You had 21 spell levels left.
You knew the following spells:

 Your Spells              Type           Power      Damage    Failure   Level
a - Magic Dart            Conj           100%       1d8       1%          1
b - Mephitic Cloud        Conj/Pois/Air  30%        N/A       1%          3
c - Call Imp              Summ           40%        N/A       1%          2
d - Blink                 Tloc           40%        N/A       1%          2
e - Iskenderun's Mystic   Conj/Tloc      35%        2d8       3%          4

Your spell library contained the following spells:

 Spells                   Type           Power      Damage    Failure   Level
 Freeze                   Ice            60%        1d7       1%          1
 Slow                     Hex            60%        N/A       1%          1
 Cigotuvi's Dreadful Rot  Necr/Pois/Air  36%        N/A       1%          2
 Confusing Touch          Hex            15%        N/A       4%          3
 Inner Flame              Hex/Fire       15%        N/A       4%          3
 Sigil of Binding         Hex            15%        N/A       4%          3
 Tukima's Dance           Hex            15%        N/A       4%          3
 Vampiric Draining        Necr           15%        2d7       4%          3
 Arcjolt                  Conj/Air       17%        1d27      9%          5
 Manifold Assault         Tloc           20%        N/A       11%         4
 Vhi's Electric Charge    Tloc/Air       40%        N/A       11%         4
 Dimensional Bullseye     Hex/Tloc       8%         N/A       13%         4
 Yara's Violent Unravell  Hex/Tmut       7%         3d5       38%         5
 Plasma Beam              Fire/Air       8%         2x1d19    86%         6
 Enfeeble                 Hex            7%         N/A       100%        7


Dungeon Overview and Level Annotations

Branches:
Dungeon (8/15)             Temple (1/1) D:5           Sewer (visited)
 Bailey (1/1)
   Lair: D:8-11

Altars:
Ashenzari
Cheibriados
Dithmenos
Elyvilon
Fedhas
Gozag
Hepliaklqana
Kikubaaqudgha
Makhleb
Nemelex Xobeh
Okawaru
Qazlal
Trog
Uskayaw
Vehumet
Wu Jian
Xom
Yredelemnul
Zin
The Shining One

Shops:
D:6 :


Message History

The gargoyle hurls a stone arrow at you.
The stone arrow hits you!!
Ouch! That really hurt!
Casting: Iskenderun's Mystic Blast (dangerous; 3% risk of failure)
Confirm with . or Enter, or press ? or * to list all spells.
You miscast Iskenderun's Mystic Blast.
Nothing appears to happen.
Unknown command.
Casting: Iskenderun's Mystic Blast (dangerous; 3% risk of failure)
Confirm with . or Enter, or press ? or * to list all spells.
You erupt in a blast of force!
The mystic blast hits the gargoyle but does no damage.
The gargoyle is severely damaged.
The gargoyle completely misses you.
Unknown command.
Casting: Iskenderun's Mystic Blast (dangerous; 3% risk of failure)
Confirm with . or Enter, or press ? or * to list all spells.
You erupt in a blast of force!
The mystic blast hits the gargoyle but does no damage.
The gargoyle is severely damaged.
The gargoyle hurls a stone arrow at you.
The stone arrow misses you.
Casting: Iskenderun's Mystic Blast (dangerous; 3% risk of failure)
Confirm with . or Enter, or press ? or * to list all spells.
You erupt in a blast of force!
The mystic blast hits the gargoyle but does no damage.
The gargoyle is severely damaged.
The gargoyle closely misses you.
Unknown command.
Casting: Iskenderun's Mystic Blast (dangerous; 3% risk of failure)
Confirm with . or Enter, or press ? or * to list all spells.
You erupt in a blast of force!
The mystic blast hits the gargoyle but does no damage.
The gargoyle is severely damaged.
The gargoyle hits you with a +0 flail!
* * * LOW HITPOINT WARNING * * *
Aiming: Bolt of Light
Press: ? - help, Shift-Dir - straight line, f/p - gargoyle
Aim: a gargoyle, wielding a +0 flail (severely damaged, 86% to hit)
The bolt of light misses the gargoyle.
The gargoyle hits you with a +0 flail!
You die...

#.......####....+
#........#...####
##...........#
#.♣.........#
#........♣..#
#..♣......♣.#
##....♣.....####+#
#.......9.......#
+......♣@.♣.....#
###..........♣...##
#..........♣.....#
#................#
#...#..#........##
#...#..##+#####+#
#...#..# #...#..# .
#...#..########+#..


You could see a gargoyle.

Vanquished Creatures
  2 wyverns
  A yak (D:8)
  2 steam dragons (D:8)
  Eustachio (D:5)
  A water moccasin (D:7)
  A sky beast (D:6)
  2 black bears
  2 centaurs
  2 ogres (D:5)
  2 phantoms (D:7)
  2 bullfrogs
  4 wights (D:6)
  A killer bee (D:8)
  A jelly (D:5)
  6 hounds
  3 orc priests
  Crazy Yiuf (D:7)
  3 iguanas (D:6)
  5 orc wizards
  13 adders
  3 gnolls (D:4)
  5 river rats
  3 shadow imps
  3 white imps
  6 worms
  3 dart slugs (D:1)
  31 orcs
  7 ball pythons
  6 endoplasms
  3 giant cockroaches
  7 goblins
  12 hobgoblins
  7 jackals
  3 quokkas
  4 bats (D:1)
  13 frilled lizards
  10 kobolds
  11 orc zombies (Bailey)
  13 rats
205 creatures vanquished.

Notes
Turn   | Place    | Note
-------+----------+-------------------------------------------
     0 | D:1      | pokeman the Deep Elf Hedge Wizard began the quest for the
                  | Orb.
     0 | D:1      | Reached XP level 1. HP: 10/10 MP: 7/7
   216 | D:1      | Reached XP level 2. HP: 16/16 MP: 1/9
   682 | D:1      | Reached skill level 5 in Spellcasting
   856 | D:1      | Reached XP level 3. HP: 14/20 MP: 1/11
   864 | D:1      | Learned a level 3 spell: Mephitic Cloud
   867 | D:1      | Learned a level 2 spell: Call Imp
   870 | D:1      | Learned a level 2 spell: Blink
  1262 | D:1      | Found a faded altar of an unknown god.
  1758 | D:2      | Reached skill level 1 in Fighting
  2172 | D:2      | Reached skill level 1 in Armour
  2463 | D:3      | Found a white marble altar of Elyvilon.
  2475 | D:3      | Found a sparkling altar of Nemelex Xobeh.
  2538 | D:3      | Reached XP level 4. HP: 23/25 MP: 2/13
  2592 | D:3      | Reached skill level 6 in Spellcasting
  2605 | D:3      | Reached XP level 5. HP: 25/29 MP: 0/15
  2669 | D:3      | Found a glowing drain.
  2728 | Sewer    | Entered a sewer
  3319 | Sewer    | Reached skill level 1 in Evocations
  3572 | D:3      | Reached skill level 1 in Air Magic
  3872 | D:4      | Reached skill level 1 in Poison Magic
  4148 | D:4      | Reached XP level 6. HP: 34/34 MP: 13/17
  4210 | D:4      | Identified the +1 ring mail of Okawaru's Envy {rPois Str+3
                  | Dex-3 Slay+2}
  4838 | D:4      | Reached skill level 7 in Spellcasting
  5017 | D:5      | Entered Level 5 of the Dungeon
  5348 | D:5      | Reached XP level 7. HP: 11/39 MP: 4/20
  5525 | D:5      | Reached skill level 8 in Spellcasting
  5670 | D:5      | Found a staircase to the Ecumenical Temple.
  5676 | Temple   | Entered the Ecumenical Temple
  5685 | Temple   | Became a worshipper of Vehumet
  5818 | D:5      | Noticed Eustachio
  5833 | D:5      | Killed Eustachio
  5880 | D:5      | Reached skill level 9 in Spellcasting
  6078 | D:5      | Found a shadowy altar of Dithmenos.
  6350 | D:5      | Reached XP level 8. HP: 40/44 MP: 17/23
  6863 | D:6      | Reached skill level 5 in Conjurations
  7217 | D:6      | Found Miskia's Book Emporium.
  7228 | D:6      | Reached skill level 10 in Spellcasting
  7455 | D:6      | Learned a level 4 spell: Iskenderun's Mystic Blast
  7550 | D:6      | Found a burning altar of Makhleb.
  7705 | D:6      | Found a blossoming altar of Fedhas.
  8370 | D:7      | Reached skill level 11 in Spellcasting
  8599 | D:7      | Reached XP level 9. HP: 44/50 MP: 24/26
  8948 | D:7      | Reached * piety under Vehumet
  8948 | D:7      | Offered knowledge of Freeze by Vehumet.
  9279 | D:7      | Found a runed translucent door.
  9280 | D:7      | Noticed Crazy Yiuf
  9290 | D:7      | Killed Crazy Yiuf
  9372 | Bailey   | Identified the "Toang"
  9407 | D:8      | Found an ornate altar of the Wu Jian Council.
  9461 | D:8      | Reached skill level 12 in Spellcasting
  9568 | D:8      | Found a flagged portal.
  9587 | Bailey   | Entered a bailey
  9785 | Bailey   | Noticed a gargoyle
  9814 | Bailey   | Slain by a gargoyle

Illustrated notes

Levels and vault maps discovered:
D:1:      nicolae_arrival_somewhat_less_tricky_arrival, layout_rooms,
          hellmonk_ecumenical_altar_run_dry, hangedman_decor_clover_reticule,
          nicolae_titane
D:2:      layout_basic
D:3:      layout_rooms, nemelex_spade_bored_becter,
          mainiacjoe_overflow_tiny_flanked, lightli_sewer_entry_pipes,
          serial_glass, glass_columns_b, glass_columns_b
D:4:      layout_loops_corners
D:5:      layout_basic, mainiacjoe_overflow_alcove_4,
          minmay_temple_entry_proselytizer, uniq_eustachio
D:6:      layout_loops_cross, makhleb_blood_cavern_becter,
          mainiacjoe_overflow_surrounded_room, serial_shops, shop
D:7:      nicolae_cairo_tiling_large, layout_cave_pools,
          nicolae_zen_rock_garden, dk_noncrumbling_4, uniq_crazy_yiuf_cottage
D:8:      layout_basic, pdpol_wu_jian_five_deadly_venoms, enter_bailey_3,
          gammafunk_ghost_abyssal_escape, hangedman_minor_gate_pass
Temple:   eino_temple_lava
Bailey:   bailey_polearm_vampire_castle_hellmonk, bailey

Skill      XL: |  1  2  3  4  5  6  7  8  9 |
---------------+----------------------------+-----
Spellcasting   | 5 6 7 9 11 12 | 12.7
Fighting       | 1 2 3 4 |  4.0
Armour         | 1 2 3 |  3.0
Conjurations   | 2 3 4 6 7 |  7.1
Stealth        | 3 |  3.0
Dodging        | 3 |  3.0
Evocations     | 1 |  1.0
Air Magic      | 1 |  1.0
Poison Magic   | 1 |  1.2
Summonings     | |  1.1
Translocations | |  1.1

Action                     |  1- 3 |  4- 6 |  7- 9 || total
---------------------------+-------+-------+-------++-------
  Melee: Falchion          |    19 |   108 |   110 ||   237
         Punch             |       |     1 |     6 ||     7
         Dagger            |       |       |    38 ||    38
   Cast: Magic Dart        |   119 |   131 |   134 ||   384
         Mephitic Cloud    |     4 |    11 |    26 ||    41
         Iskenderun's Myst |       |       |    12 ||    12
         Call Imp          |       |       |     4 ||     4
         Blink             |       |       |     3 ||     3
  Evoke: Wand              |       |       |     1 ||     1
   Stab: Confused          |     1 |     8 |    16 ||    25
         Sleeping          |       |       |     4 ||     4
 Armour: Robe              |    15 |    67 |    69 ||   151
         Steam dragon scal |       |       |    18 ||    18
  Dodge: Dodged            |    27 |    85 |   106 ||   218

Table legend: (Time is in decaauts)
 A = Elapsed time spent in this place.
 B = Non-inter-level travel time spent in this place.
 C = Inter-level travel time spent in this place.
 D = Time resting spent in this place.
 E = Time spent auto-exploring this place.
 F = Levels seen in this place.
 G = Mean time per level.
                   A        B        C        D        E       F      G
               +--------+--------+--------+--------+--------+-----+--------+
         Total |   9957 |   9595 |    362 |    305 |   7553 |  11 |  905.2 |
       Dungeon |   9012 |   8658 |    354 |    223 |   6991 |   8 | 1126.5 |
        Temple |     18 |     10 |      8 |      0 |      0 |   1 |   18.0 |
         Sewer |    699 |    699 |      0 |      0 |    562 |   1 |  699.0 |
        Bailey |    226 |    226 |      0 |     82 |      0 |   1 |  226.0 |
               +--------+--------+--------+--------+--------+-----+--------+

Top non-repeatable levels by time:
     D:5: 1712 daAuts
     D:1: 1564 daAuts
     D:6: 1551 daAuts
     D:4: 1229 daAuts
     D:7: 1102 daAuts
     D:2: 901 daAuts
     D:3: 728 daAuts
   Sewer: 699 daAuts
  Bailey: 226 daAuts
     D:8: 222 daAuts
  Temple: 18 daAuts
